 Dungeon Crawl Stone Soup version 0.30.1-11-g7821555f0a (webtiles) character file.

Game seed: 9876669522966563055

45 andronian the Poker (level 3, 0/29 HPs)
             Began as a Merfolk Gladiator on Nov 26, 2023.
             Slain by Sigmund
             ... wielding a +2 scythe of protection
              (10 damage)
             ... on level 2 of the Dungeon.
             The game lasted 00:02:43 (1247 turns).

andronian the Poker (Merfolk Gladiator)             Turns: 1247, Time: 00:02:44

Health: 0/29       AC:  6    Str: 16    XL:     3   Next: 64%
Magic:  3/3        EV: 12    Int:  7    God:
Gold:   46         SH:  0    Dex: 15    Spells: 2/2 levels left

rFire   . . .        a - +1 trident
rCold   . . .        (no shield)
rNeg    . . .        h - +0 ring mail
rPois   .            p - +0 helmet
rElec   .            (no cloak)
rCorr   .            (no gloves)
SInv    .            (no boots)
Will    .....        (no amulet) Stlth
                     (no ring)
HPRegen 0.24/turn    (no ring)
MPRegen 0.08/turn

%: no passive effects
@: confused
A: (nimble swimmer 2), mertail
a: no special abilities


You were on level 2 of the Dungeon.
You visited 1 branch of the dungeon, and saw 3 of its levels.

You collected 46 gold pieces.

Inventory:

Hand Weapons
 a - a +1 trident (weapon)
Missiles
 d - 3 throwing nets (quivered)
 e - a javelin
 f - 4 poisoned darts
Armour
 b - a +0 leather armour
 c - a +0 helmet
 h - a +0 ring mail (worn)
 p - a +0 helmet (worn)
Jewellery
 j - an amulet of magic regeneration
 n - a ring of flight
 o - an amulet of regeneration
Scrolls
 i - a scroll of identify {unknown}
 k - a scroll of blinking


   Skills:
 + Level 3.0 Fighting
 * Level 5.3 Polearms
 - Level 2.0 Throwing
 - Level 4.1 Dodging


You had 2 spell levels left.
You didn't know any spells.
Your spell library was empty.

Dungeon Overview and Level Annotations

Branches:
Dungeon (3/15)

Altars:
Ru

Annotations:
D:2 Sigmund
D:3 Robin


Innate Abilities, Weirdness & Mutations

((You are very nimble when in or above water. (Stealth+, EV+, Speed+++)))
Your lower body shifts to a powerful aquatic tail in water.


Message History

Press: ? - help, Q - select action, (/) - cycle Shift-Dir - straight line, f/p - Sigmund
Aim: Sigmund, wielding a +2 scythe of protection and wearing a +0 robe (57% to hit, chance to blind on hit: 80%)
You throw an atropa-tipped dart. The atropa-tipped dart hits Sigmund.
Sigmund resists.
Sigmund gestures wildly while chanting.
Sigmund flickers and vanishes!
Deactivating autopickup; reactivate with Ctrl-A.
Throw: dart (atropa)
Press: ? - help, Q - select action, (/) - cycle Shift-Dir - straight line You throw an atropa-tipped dart.
Something shouts, "What's happening?!"
Throw: 3 throwing nets
Press: ? - help, Q - select action, (/) - cycle Shift-Dir - straight line, f - you Really target yourself? [Y]es or [N]o only, please.
Really target yourself?
Okay, then.
You hit something but do no damage. Your punch misses something.
Something hits you!
You closely miss something.
An endoplasm comes into view.
You barely miss something.
The endoplasm quivers.
Something hits you.
You puncture something! Something hits you but does no damage.
You hit something but do no damage. Something hits you but does no damage.
You barely miss something. The endoplasm freezes you.
You are frozen.
You closely miss something.
You hear some strange, mumbled words.
You are confused.
The endoplasm closely misses you.
You completely miss something. Something barely misses you.
The endoplasm hits you.
You miss something. The endoplasm barely misses you.
Something barely misses you.
You closely miss something. The endoplasm barely misses you.
You bump into the rock wall.
Something hits you!
You die...

#........####
#......# #..
###>..{.....#
#......# #..
#..####....#
######## #..
#.... ....#
##### #..
#.##$#
....##....# #..
#.#
.......##....#
#.. #..
####+###....#
#.. ###
####.###....#
###
#.#..@..##....#
#...{J........#
#..(..###.....#
.....####
#.....# .....
##.#### ....
#.######## .(.
#.##.....# ...
#.##.....#
####........#


You could see an endoplasm.

Vanquished Creatures
  2 adders (D:2)
  A dart slug (D:1)
  An endoplasm (D:2)
  A giant cockroach (D:1)
  4 goblins
  3 hobgoblins (D:2)
  2 jackals (D:1)
  2 quokkas
  4 ball pythons
  A bat (D:1)
  A frilled lizard (D:1)
  A kobold (D:1)
  A rat (D:1)
24 creatures vanquished.

Notes
Turn   | Place    | Note
-------+----------+-------------------------------------------
     0 | D:1      | andronian the Merfolk Gladiator began the quest for the
                  | Orb.
     0 | D:1      | Reached XP level 1. HP: 16/16 MP: 1/1
   391 | D:1      | Reached XP level 2. HP: 23/23 MP: 2/2
   973 | D:2      | Reached XP level 3. HP: 28/28 MP: 3/3
  1011 | D:2      | Reached skill level 5 in Polearms
  1012 | D:2      | Noticed Sigmund
  1021 | D:3      | Noticed Robin
  1036 | D:3      | Found a sacrificial altar of Ru.
  1247 | D:2      | Slain by Sigmund

Illustrated notes

Levels and vault maps discovered:
D:1:      amcnicky_arrival_flooded_fountain, layout_loops_corners
D:2:      layout_basic, grunt_ministairs_6, uniq_terence, uniq_sigmund
D:3:      layout_rooms, overflow_temple_1_default, basic_ecumenical_altar,
          minmay_bisected, uniq_robin, uniq_ijyb

Skill      XL: |  1  2  3 |
---------------+----------+-----
Polearms       | 5 |  5.3
Fighting       | 3 |  3.0
Throwing       | |  2.0
Dodging        | |  4.1

Action                     || total
---------------------------++-------
  Melee: Trident           ||    96
         Punch             ||     1
  Throw: Dart              ||     4
    Use: Scroll            ||     3
         Potion            ||     1
 Armour: Ring mail         ||    39
         Leather armour    ||     1
  Dodge: Dodged            ||    76
